 Dungeon Crawl Stone Soup version 0.32-a0-361-g289a535e89 (webtiles) character file.

Game seed: 12195084736705874262

92 juan097 the Firebug (level 4, -1/33 HPs)
             Began as a Mountain Dwarf Fire Elementalist on Feb 18, 2024.
             Slain by Robin
             ... wielding a +0 mace
              (6 damage)
             ... on level 2 of the Dungeon.
             The game lasted 00:05:15 (2305 turns).

juan097 the Firebug (MDFE)                          Turns: 2305, Time: 00:05:16

Health: -1/33      AC:  3    Str: 10    XL:     4   Next: 35%
Magic:  1/7        EV: 11    Int: 18    God:
Gold:   64         SH:  0    Dex: 10    Spells: 2/8 levels left

rFire   . . .        a - +0 dagger
rCold   . . .        (no shield)
rNeg    . . .        j - +0 leather armour
rPois   .            (no helmet)
rElec   .            (no cloak)
rCorr   .            (no gloves)
SInv    .            (no boots)
Will    .....        (no amulet)
Stlth   +            (no ring)
HPRegen 0.25/turn    (no ring)
MPRegen 0.10/turn

%: no passive effects
@: no status effects
A: runic magic, artefact enchanting
a: no special abilities


You were on level 2 of the Dungeon.
You visited 1 branch of the dungeon, and saw 2 of its levels.

You collected 64 gold pieces.

Inventory:

Hand Weapons
 a - a +0 dagger (weapon)
Missiles
 e - 4 poisoned darts
Armour
 h - a +0 robe
 j - a +0 leather armour (worn)
Scrolls
 c - a scroll of enchant weapon {unknown}
 d - 2 scrolls of identify {unknown}
 f - a scroll of teleportation {unknown}
Potions
 b - a potion of magic
 g - 2 potions of heal wounds {unknown}
 i - a potion of brilliance {unknown}


   Skills:
 - Level 1.3 Dodging
 + Level 1.9 Stealth
 * Level 2.6 Spellcasting
 * Level 2.1 Conjurations
 + Level 0.0 Hexes
 * Level 4.4 Fire Magic


You had 2 spell levels left.
You knew the following spells:

 Your Spells              Type           Power      Damage    Failure   Level
a - Foxfire               Conj/Fire      56%        2x1d6     4%          1
b - Scorch                Fire           36%        2d6       4%          2
c - Inner Flame           Hex/Fire       10%        N/A       22%         3

Your spell library contained the following spells:

 Spells                   Type           Power      Damage    Failure   Level
 Volatile Blastmotes      Fire/Tloc      20%        2d11      22%         3
 Flame Wave               Conj/Fire      14%        2d6       43%         4


Dungeon Overview and Level Annotations

Branches:
Dungeon (2/15)

Altars:

Annotations:
D:2 Robin, Sigmund


Innate Abilities, Weirdness & Mutations

Your spellcasting is much less encumbered by armour.
You can use scrolls of enchantment on lesser artefacts.


Message History

Robin says, "Kneel, worm!"
You see here a +0 dagger.
You conjure some foxfire!
The goblin misses you.
You hit the goblin.
The goblin is severely wounded.
The foxfire hits the goblin.
You kill the goblin!
Robin throws the goblin at you!
Casting: Foxfire (safe; 4% risk of failure)
Confirm with . or Enter, or press ? or * to list all spells.
Flames lash the hobgoblin.
You kill the hobgoblin!
The goblin hits you with a +0 club.
Casting: Scorch (safe; 4% risk of failure)
Confirm with . or Enter, or press ? or * to list all spells.
Flames lash the goblin.
You kill the goblin!
Casting: Scorch (safe; 4% risk of failure)
Confirm with . or Enter, or press ? or * to list all spells.
Flames lash Robin.
Robin is heavily wounded.
Robin's fire resistance burns away.
Robin hits you with a +0 mace!
* * * LOW HITPOINT WARNING * * *
Robin closely misses you.
Things that are here:
10 gold pieces; a +0 club Robin attacks as they pursue you!
Robin hits you with a +0 mace.
* * * LOW HITPOINT WARNING * * *
You hit Robin.
Robin is severely wounded.
Robin flexes a bicep menacingly.
Robin barely misses you.
You hit Robin but do no damage.
Robin is severely wounded.
Robin is no longer more vulnerable to fire.
Robin barely misses you.
Robin says, "Feeling lonely?"
Robin attacks as they pursue you! Robin hits you with a +0 mace.
You die...
Robin says, "And that's why I'm the boss."

.g.g.'gr#
#.#
...g.##g#
#.# ... #.#
#.# .
#.##### #.#
#.g.)g# ..#
#####r# .>.
. #.# ### ##
#g# #@#
#####
#.##########
#....
#..........#
#.###
##########.#
#.# #.# #.#
#.# #.# #.#
#.# #.# #.#
#.# #.#


You could see Robin, a quokka and a goblin (strong).

Vanquished Creatures
  A gnoll (D:1)
  An adder (D:2)
  3 ball pythons
  3 endoplasms
  3 giant cockroaches
  12 goblins
  2 hobgoblins (D:2)
  3 kobolds
  A quokka (D:1)
  7 bats
  A frilled lizard (D:1)
  4 rats (D:1)
41 creatures vanquished.

Vanquished Creatures (others)
  57 foxfires
57 creatures vanquished.

Grand Total: 98 creatures vanquished

Notes
Turn   | Place    | Note
-------+----------+-------------------------------------------
     0 | D:1      | juan097 the Mountain Dwarf Fire Elementalist began the
                  | quest for the Orb.
     0 | D:1      | Reached XP level 1. HP: 14/14 MP: 3/3
    39 | D:1      | Reached skill level 1 in Conjurations
   274 | D:1      | Reached XP level 2. HP: 20/20 MP: 3/5
   277 | D:1      | Learned a level 2 spell: Scorch
   596 | D:1      | Reached skill level 4 in Fire Magic
   808 | D:1      | You fall into a shaft and drop 1 floor!
   941 | D:1      | Reached XP level 3. HP: 23/26 MP: 1/6
  1178 | D:1      | Found a faded altar of an unknown god.
  1490 | D:2      | Noticed Robin
  1718 | D:2      | Noticed Sigmund
  1817 | D:1      | Learned a level 3 spell: Inner Flame
  1874 | D:2      | Reached XP level 4. HP: 33/33 MP: 2/7
  2305 | D:2      | Slain by Robin

Illustrated notes

Levels and vault maps discovered:
D:1:      roadster_arrival_rocket_large, layout_loops_corners,
          ebering_ecumenical_altar_abandoned, minmay_misc_feat_four_crosses,
          chequers_serial_rivers_micro_a
D:2:      layout_basic, dk_noncrumbling_3, uniq_robin, uniq_sigmund

Skill      XL: |  1  2  3 |
---------------+----------+-----
Conjurations   | 1 2 |  2.1
Spellcasting   | 2 |  2.6
Fire Magic     | 4 |  4.4
Dodging        | |  1.3
Stealth        | |  1.9

Action                     |  1- 3 |  4- 6 || total
---------------------------+-------+-------++-------
  Melee: Unarmed           |    11 |       ||    11
         Dagger            |     1 |     9 ||    10
   Cast: Foxfire           |    28 |     5 ||    33
         Scorch            |    16 |     5 ||    21
 Armour: Robe              |    15 |       ||    15
         Leather armour    |       |    12 ||    12
  Dodge: Dodged            |    15 |    12 ||    27

Table legend: (Time is in decaauts)
 A = Elapsed time spent in this place.
 B = Non-inter-level travel time spent in this place.
 C = Inter-level travel time spent in this place.
 D = Time resting spent in this place.
 E = Time spent auto-exploring this place.
 F = Levels seen in this place.
 G = Mean time per level.
                   A        B        C        D        E       F      G
               +--------+--------+--------+--------+--------+-----+--------+
         Total |   2307 |   2032 |    275 |      4 |   1669 |   2 | 1153.5 |
       Dungeon |   2307 |   2032 |    275 |      4 |   1669 |   2 | 1153.5 |
               +--------+--------+--------+--------+--------+-----+--------+

Top non-repeatable levels by time:
     D:1: 1657 daAuts
     D:2: 650 daAuts
